TOP OF THE 1ST |
Everett AquaSox batting - Pitching for Vermont Lake Monsters : RHP Kyle Rasor
|
Pitching: RHP Kyle Rasor
|
|
Batting: SHB Tony Morales
|
0-0: Ball 1-0: Ball 2-0: Called Strike 2-1: DOUBLE (Groundball, 3L, EV 95.6 MPH)
|
Batting: RHB Eddie Luna
|
0-0: Swinging Strike 0-1: Swinging Strike 0-2: Ball 1-2: Foul Ball, location: 2F 1-2: Foul Ball, location: 2F 1-2: Foul Ball, location: 2F 1-2: Strikes out swinging
|
Batting: LHB Chris Jackson
|
0-0: 2-RUN HOME RUN (Flyball, 9D, EV 96.2 MPH), Distance : 378 ft
|
Batting: LHB William Gonzales
|
0-0: Ball 1-0: Ball 2-0: Called Strike 2-1: Foul Ball, location: 2F 2-2: Ball 3-2: Foul Ball, location: 2F 3-2: Strikes out swinging
|
Batting: RHB Jose Zuniga
|
0-0: Ball 1-0: Ball 2-0: Fly out, F9 (Flyball, 9, EV 94.4 MPH)
|
Top of the 1st over - 2 runs, 2 hits, 0 errors, 0 left on base; Everett 2 - Vermont 0 |
BOTTOM OF THE 1ST |
Vermont Lake Monsters batting - Pitching for Everett AquaSox : LHP Ramiro Aguilar
|
Pitching: LHP Ramiro Aguilar
|
|
Batting: RHB Sean Gould
|
0-0: Foul Ball, location: 2F 0-1: Foul Ball, location: 2F 0-2: Ball 1-2: Fly out, F7 (Flyball, 78S, EV 95.6 MPH)
|
Batting: RHB Chris Temple
|
0-0: Ball 1-0: Called Strike 1-1: Ground out 4-3 (Groundball, 4, EV 98.8 MPH)
|
Batting: RHB Zachary Anderson
|
0-0: Called Strike 0-1: Foul Ball, location: 2F 0-2: Ground out 5-3 (Groundball, 56S, EV 80.6 MPH)
|
Bottom of the 1st over - 0 runs, 0 hits, 0 errors, 0 left on base; Everett 2 - Vermont 0 |
TOP OF THE 2ND |
Everett AquaSox batting - Pitching for Vermont Lake Monsters : RHP Kyle Rasor
|
Batting: LHB Ryan Daniels
|
0-0: Ball 1-0: Ball 2-0: Foul Ball, location: 2F 2-1: Foul Ball, location: 2F 2-2: Strikes out looking
|
Batting: RHB Omar Solis
|
0-0: Called Strike 0-1: Ground out 6-3 (Groundball, 6, EV 102.5 MPH)
|
Batting: RHB Jwahir Pili
|
0-0: Foul Ball, location: 2F 0-1: Swinging Strike 0-2: Ball 1-2: Strikes out swinging
|
Top of the 2nd over - 0 runs, 0 hits, 0 errors, 0 left on base; Everett 2 - Vermont 0 |
BOTTOM OF THE 2ND |
Vermont Lake Monsters batting - Pitching for Everett AquaSox : LHP Ramiro Aguilar
|
Batting: LHB Brian Puccio
|
0-0: Ball 1-0: Called Strike 1-1: Ball 2-1: Foul Ball, location: 2F 2-2: Foul Ball, location: 2F 2-2: Ball 3-2: Base on Balls
|
Batting: RHB Chris Prinzing
|
0-0: Called Strike 0-1: Grounds into double play, 5-4-3 (Groundball, 56S, EV 91.2 MPH)
|
Batting: LHB Ed Talamantes
|
0-0: Ball 1-0: Ball 2-0: Called Strike 2-1: Fly out, F9 (Flyball, 9D, EV 100.6 MPH)
|
Bottom of the 2nd over - 0 runs, 0 hits, 0 errors, 0 left on base; Everett 2 - Vermont 0 |
TOP OF THE 3RD |
Everett AquaSox batting - Pitching for Vermont Lake Monsters : RHP Kyle Rasor
|
Batting: RHB Neal Perucci
|
0-0: Ball 1-0: Called Strike 1-1: Called Strike 1-2: Foul Ball, location: 2F 1-2: Strikes out looking
|
Batting: SHB Tony Morales
|
0-0: Swinging Strike 0-1: Foul Ball, location: 2F 0-2: Foul Ball, location: 2F 0-2: Ball 1-2: Strikes out swinging
|
Batting: RHB Eddie Luna
|
0-0: Swinging Strike 0-1: Called Strike 0-2: Ball 1-2: Strikes out swinging
|
Top of the 3rd over - 0 runs, 0 hits, 0 errors, 0 left on base; Everett 2 - Vermont 0 |
BOTTOM OF THE 3RD |
Vermont Lake Monsters batting - Pitching for Everett AquaSox : LHP Ramiro Aguilar
|
Batting: RHB Jon Coleman
|
0-0: Ball 1-0: Swinging Strike 1-1: Fly out, F9 (Line Drive, 9LM, EV 93.8 MPH)
|
Batting: SHB Steve Salafia
|
0-0: Called Strike 0-1: SINGLE (Groundball, 34D, EV 105.6 MPH)
|
Batting: SHB Matt Sybrant
|
0-0: Ball 1-0: Ball 2-0: Called Strike 2-1: Ball 3-1: Fly out, F8 (Flyball, 8LXD, EV 81.2 MPH)
|
Batting: RHB Sean Gould
|
0-0: DOUBLE (Line Drive, 89D, EV 113.8 MPH) Steve Salafia to third
|
Batting: RHB Chris Temple
|
0-0: Called Strike 0-1: Ball 1-1: Ball 2-1: Ball 3-1: Called Strike 3-2: Ground out 1-3 (Groundball, 13S, EV 71.2 MPH)
|
Bottom of the 3rd over - 0 runs, 2 hits, 0 errors, 2 left on base; Everett 2 - Vermont 0 |
TOP OF THE 4TH |
Everett AquaSox batting - Pitching for Vermont Lake Monsters : RHP Kyle Rasor
|
Batting: LHB Chris Jackson
|
0-0: Swinging Strike 0-1: Swinging Strike 0-2: Fly out, F9 (Flyball, 9D, EV 93.1 MPH)
|
Batting: LHB William Gonzales
|
0-0: Ball 1-0: Foul Ball, location: 2F 1-1: Swinging Strike 1-2: Ball 2-2: Foul Ball, location: 2F 2-2: Fly out, F8 (Flyball, 8LXD, EV 76.2 MPH)
|
Batting: RHB Jose Zuniga
|
0-0: Ball 1-0: Swinging Strike 1-1: Foul Ball, location: 2F 1-2: Strikes out looking
|
Top of the 4th over - 0 runs, 0 hits, 0 errors, 0 left on base; Everett 2 - Vermont 0 |
BOTTOM OF THE 4TH |
Vermont Lake Monsters batting - Pitching for Everett AquaSox : LHP Ramiro Aguilar
|
Batting: RHB Zachary Anderson
|
0-0: Ball 1-0: TRIPLE (Groundball, 3L, EV 107.5 MPH)
|
Batting: LHB Brian Puccio
|
0-0: Called Strike 0-1: Foul Ball, location: 2F 0-2: Ball 1-2: Ball 2-2: Fly out, F8 (Line Drive, 8RM, EV 90.6 MPH) Runner from 3rd tags up, OUT at HOME! 8-2
|
Batting: RHB Chris Prinzing
|
0-0: Ball 1-0: Called Strike 1-1: Called Strike 1-2: Foul Ball, location: 2F 1-2: Strikes out swinging
|
Bottom of the 4th over - 0 runs, 1 hit, 0 errors, 0 left on base; Everett 2 - Vermont 0 |
TOP OF THE 5TH |
Everett AquaSox batting - Pitching for Vermont Lake Monsters : RHP Kyle Rasor
|
Batting: LHB Ryan Daniels
|
0-0: Ball 1-0: Ball 2-0: Ball 3-0: Base on Balls
|
Batting: RHB Omar Solis
|
0-0: Called Strike 0-1: Swinging Strike 0-2: Ball 1-2: Strikes out looking
|
Batting: RHB Jwahir Pili
|
0-0: Ball 1-0: Ball 2-0: Grounds into double play, 5-4-3 (Groundball, 56, EV 80.6 MPH)
|
Top of the 5th over - 0 runs, 0 hits, 0 errors, 0 left on base; Everett 2 - Vermont 0 |
BOTTOM OF THE 5TH |
Vermont Lake Monsters batting - Pitching for Everett AquaSox : LHP Ramiro Aguilar
|
Batting: LHB Ed Talamantes
|
0-0: Ball 1-0: Foul Ball, location: 2F 1-1: Foul Ball, location: 2F 1-2: Strikes out swinging
|
Batting: RHB Jon Coleman
|
0-0: Swinging Strike 0-1: Foul Ball, location: 2F 0-2: Foul Ball, location: 2F 0-2: Ball 1-2: Fly out, F8 (Flyball, 8LD, EV 92.5 MPH)
|
Batting: SHB Steve Salafia
|
0-0: Ground out 6-3 (Groundball, 56, EV 105.6 MPH)
|
Bottom of the 5th over - 0 runs, 0 hits, 0 errors, 0 left on base; Everett 2 - Vermont 0 |
TOP OF THE 6TH |
Everett AquaSox batting - Pitching for Vermont Lake Monsters : RHP Kyle Rasor
|
Batting: RHB Neal Perucci
|
0-0: Called Strike 0-1: Called Strike 0-2: Ball 1-2: Ball 2-2: Foul Ball, location: 2F 2-2: Strikes out swinging
|
Batting: SHB Tony Morales
|
0-0: Ball 1-0: Swinging Strike 1-1: Called Strike 1-2: Strikes out swinging
|
Batting: RHB Eddie Luna
|
0-0: SINGLE (Flyball, 34D, EV 86.9 MPH)
|
Batting: LHB Chris Jackson
|
0-0: Ball Eddie Luna is caught stealing 2nd base 2-6
|
Top of the 6th over - 0 runs, 1 hit, 0 errors, 0 left on base; Everett 2 - Vermont 0 |
BOTTOM OF THE 6TH |
Vermont Lake Monsters batting - Pitching for Everett AquaSox : LHP Ramiro Aguilar
|
Batting: SHB Matt Sybrant
|
0-0: Ball 1-0: Ball 2-0: Ball 3-0: Base on Balls
|
Batting: RHB Sean Gould
|
0-0: Ball 1-0: Foul Ball, location: 2F 1-1: Ball 2-1: Called Strike 2-2: Foul Ball, location: 2F 2-2: Foul Ball, location: 2F 2-2: Grounds into double play, 5-4-3 (Groundball, 15, EV 88.8 MPH)
|
Batting: RHB Chris Temple
|
0-0: Foul Ball, location: 2F 0-1: Fly out, F7 (Flyball, 78S, EV 90.6 MPH)
|
Bottom of the 6th over - 0 runs, 0 hits, 0 errors, 0 left on base; Everett 2 - Vermont 0 |
TOP OF THE 7TH |
Everett AquaSox batting - Pitching for Vermont Lake Monsters : RHP Kyle Rasor
|
Batting: LHB Chris Jackson
|
0-0: Ball 1-0: Ball 2-0: Ball 3-0: Called Strike 3-1: Foul Ball, location: 2F 3-2: Strikes out swinging
|
Batting: LHB William Gonzales
|
0-0: Ball 1-0: Swinging Strike 1-1: Ball 2-1: Called Strike 2-2: Foul Ball, location: 2F 2-2: Strikes out looking
|
Batting: RHB Jose Zuniga
|
0-0: Foul Ball, location: 2F 0-1: Called Strike 0-2: Strikes out looking
|
Top of the 7th over - 0 runs, 0 hits, 0 errors, 0 left on base; Everett 2 - Vermont 0 |
BOTTOM OF THE 7TH |
Vermont Lake Monsters batting - Pitching for Everett AquaSox : LHP Ramiro Aguilar
|
Batting: RHB Zachary Anderson
|
0-0: Ball 1-0: Foul Ball, location: 2F 1-1: Ball 2-1: Ground out 4-3 (Groundball, 4, EV 108.1 MPH)
|
Batting: LHB Brian Puccio
|
0-0: Ball 1-0: Ball 2-0: Called Strike 2-1: Ball 3-1: Base on Balls
|
Pitching: RHP Matt Lane
|
|
Pinch Hitting: LHB Igor Ciobanu
|
0-0: Foul Ball, location: 2F 0-1: Ball 1-1: Swinging Strike 1-2: Ball 2-2: Foul Ball, location: 2F 2-2: Ball 3-2: Fielders Choice at 2nd, 1-6 (Groundball, 13S, EV 66.9 MPH)
|
Batting: LHB Ed Talamantes
|
0-0: Ball 1-0: Foul Ball, location: 2F 1-1: Swinging Strike 1-2: Strikes out looking
|
Bottom of the 7th over - 0 runs, 0 hits, 0 errors, 1 left on base; Everett 2 - Vermont 0 |
TOP OF THE 8TH |
Everett AquaSox batting - Pitching for Vermont Lake Monsters : RHP Kyle Rasor
|
Now at SS: Jake Leffel
|
|
Batting: LHB Ryan Daniels
|
0-0: Swinging Strike 0-1: Swinging Strike 0-2: Fly out, F8 (Flyball, 78S, EV 91.2 MPH)
|
Pitching: RHP Emanuel Andrade
|
|
Batting: RHB Omar Solis
|
0-0: Ball 1-0: Foul Ball, location: 2F 1-1: Called Strike 1-2: Strikes out swinging, 2-3 out at first.
|
Batting: RHB Jwahir Pili
|
0-0: Ball 1-0: SINGLE (Line Drive, 3D, EV 106.9 MPH)
|
Batting: RHB Neal Perucci
|
0-0: Ball 1-0: Ball 2-0: Called Strike 2-1: Swinging Strike 2-2: Ball 3-2: Strikes out swinging
|
Top of the 8th over - 0 runs, 1 hit, 0 errors, 1 left on base; Everett 2 - Vermont 0 |
BOTTOM OF THE 8TH |
Vermont Lake Monsters batting - Pitching for Everett AquaSox : RHP Matt Lane
|
Batting: RHB Jon Coleman
|
0-0: Foul Ball, location: 2F 0-1: Swinging Strike 0-2: Ball 1-2: SINGLE (Line Drive, 89S, EV 96.2 MPH)
|
Pitching: RHP Jamie Johnston
|
|
Batting: SHB Steve Salafia
|
0-0: Ball 1-0: Called Strike 1-1: Foul Ball, location: 2F 1-2: Grounds into double play, 4-6-3 (Groundball, 4, EV 96.2 MPH)
|
Batting: SHB Matt Sybrant
|
0-0: Called Strike 0-1: SINGLE (Groundball, 3D, EV 96.2 MPH)
|
Batting: RHB Sean Gould
|
0-0: Called Strike 0-1: Called Strike 0-2: Strikes out looking
|
Bottom of the 8th over - 0 runs, 2 hits, 0 errors, 1 left on base; Everett 2 - Vermont 0 |
TOP OF THE 9TH |
Everett AquaSox batting - Pitching for Vermont Lake Monsters : RHP Emanuel Andrade
|
Batting: SHB Tony Morales
|
0-0: Called Strike 0-1: Ball 1-1: Swinging Strike 1-2: Ball 2-2: Foul Ball, location: 2F 2-2: Fly out, F7 (Flyball, 7LSF, EV 86.9 MPH)
|
Batting: RHB Eddie Luna
|
0-0: Swinging Strike 0-1: Foul Ball, location: 2F 0-2: Ball 1-2: Foul Ball, location: 2F 1-2: DOUBLE (Flyball, 8RD, EV 105.6 MPH)
|
Batting: LHB Chris Jackson
|
0-0: Intentional Walk
|
Batting: LHB William Gonzales
|
0-0: Called Strike Eddie Luna is caught stealing 3rd base 2-5 0-1: Called Strike 0-2: SINGLE (Groundball, P, EV 78.8 MPH) (infield hit) Chris Jackson to second
|
Batting: RHB Jose Zuniga
|
0-0: Foul Ball, location: 2F 0-1: SINGLE (Groundball, 6D, EV 99.4 MPH) Chris Jackson to third William Gonzales to second
|
Batting: LHB Ryan Daniels
|
0-0: Hit by Pitch Chris Jackson scores William Gonzales to third Jose Zuniga to second
|
Batting: RHB Omar Solis
|
0-0: Called Strike 0-1: DOUBLE (Flyball, 8RD, EV 103.8 MPH) William Gonzales scores Jose Zuniga scores Ryan Daniels to third Runner from 3rd tries for Home, SAFE, no throw by CF
|
Pitching: LHP Steve Lima
|
|
Batting: RHB Jwahir Pili
|
0-0: Called Strike 0-1: Ball 1-1: Called Strike 1-2: Ball 2-2: Strikes out looking
|
Top of the 9th over - 4 runs, 4 hits, 0 errors, 1 left on base; Everett 6 - Vermont 0 |
BOTTOM OF THE 9TH |
Vermont Lake Monsters batting - Pitching for Everett AquaSox : RHP Jamie Johnston
|
Batting: RHB Chris Temple
|
0-0: Ball 1-0: Ball 2-0: Called Strike 2-1: Ball 3-1: Foul Ball, location: 2F 3-2: Ground out 6-3 (Groundball, 4M, EV 83.8 MPH)
|
Batting: RHB Zachary Anderson
|
0-0: Ball 1-0: Called Strike 1-1: Foul Ball, location: 2F 1-2: Ball 2-2: Strikes out swinging
|
Batting: LHB Brian Puccio
|
0-0: Ball 1-0: Ball 2-0: Called Strike 2-1: Foul Ball, location: 2F 2-2: Strikes out looking
|
Bottom of the 9th over - 0 runs, 0 hits, 0 errors, 0 left on base; Everett 6 - Vermont 0 |
|